 Dungeon Crawl Stone Soup version 0.24.0-13-gcf9b319 (webtiles) character file.

Game seed: 15190131118901379361, levelgen mode: deterministic

1418 Bronimir the Tainter (level 9, 0/62 HPs)
             Began as a Formicid Venom Mage on Mar 25, 2020.
             Was a Follower of Okawaru.
             Slain by an ice beast (13 damage)
             ... on level 8 of the Dungeon.
             The game lasted 00:19:41 (8922 turns).

Bronimir the Tainter (Formicid Venom Mage)          Turns: 8922, Time: 00:19:41

Health: 0/62       AC:  6    Str: 16    XL:     9   Next: 2%
Magic:  11/15      EV: 11    Int: 15    God:    Okawaru [*.....]
Gold:   349        SH:  0    Dex: 11    Spells: 5/16 levels left

rFire    + . .     SeeInvis +   a - +0 spear
rCold    . . .     Gourm    .   (no shield)
rNeg     . . .     Faith    .   D - +0 leather armour
rPois    .         Spirit   .   (helmet unavailable)
rElec    .         Reflect  .   H - +2 cloak
rCorr    .         Harm     .   (no gloves)
MR       .....                  (no boots)
Stlth    +.........             (no amulet)
HPRegen  0.20/turn              j - ring of protection from fire
MPRegen  0.14/turn              C - ring of wizardry

@: heavily drained
A: permanent stasis, dig shafts and tunnels, four strong arms, antennae 3
a: Dig, Shaft Self, Heroism, Renounce Religion


You were on level 8 of the Dungeon.
You worshipped Okawaru.
Okawaru was aware of your devotion.
You were not hungry.

You visited 2 branches of the dungeon, and saw 8 of its levels.

You collected 349 gold pieces.

Inventory:

Hand Weapons
 a - a +0 spear (weapon)
 b - a +0 hunting sling
 n - a cursed -1 falchion
 x - a +0 club
Missiles
 e - 15 poisoned darts (quivered)
 g - 58 arrows
 h - 32 bolts
 k - 188 stones
Armour
 f - a +0 robe
 D - a +0 leather armour (worn)
 H - a +2 cloak (worn)
 J - a +0 ring mail
Jewellery
 j - a ring of protection from fire (left hand)
 q - a +2 ring of dexterity
 C - a ring of wizardry (right hand)
Wands
 A - a wand of iceblast (8)
 F - a wand of digging (4)
 L - a wand of random effects (20)
Scrolls
 d - 2 scrolls of remove curse
 o - 3 scrolls of noise
 t - 2 scrolls of identify
 v - 2 scrolls of blinking
 y - 5 scrolls of teleportation {unknown}
 z - 2 scrolls of random uselessness {unknown}
 B - a scroll of fog {unknown}
 G - a scroll of enchant weapon {unknown}
 M - a scroll of amnesia {unknown}
Potions
 l - a potion of haste {unknown}
 m - a potion of resistance {unknown}
 p - a potion of flight
 r - a potion of heal wounds {unknown}
 s - a potion of agility {unknown}
 u - a potion of magic {unknown}
 w - a potion of lignification {unknown}
 E - 2 potions of brilliance
 I - a potion of mutation {unknown}
 K - a potion of cancellation {unknown}
Comestibles
 c - 7 rations


   Skills:
 + Level 2.5(0.6) Fighting
 + Level 0.3(0.0) Maces & Flails
 * Level 4.7(2.6) Polearms
 + Level 2.7(0.8) Armour
 + Level 2.9(1.0) Dodging
 - Level 2.4(0.4) Stealth
 + Level 0.2(0.0) Unarmed Combat
 + Level 4.1(2.1) Spellcasting
 + Level 2.0(0.1) Conjurations
 * Level 2.5(0.5) Necromancy
 * Level 8.0(5.7) Poison Magic
 * Level 2.7(0.8) Invocations


You had 5 spell levels left.
You knew the following spells:

 Your Spells              Type           Power        Failure   Level  Hunger
a - Sting                 Conj/Pois      ##..         3%          1    #......
b - Poisonous Vapours     Pois/Air       ##....       5%          2    ###....
c - Mephitic Cloud        Conj/Pois/Air  #.......     16%         3    ###....
d - Olgreb's Toxic Radia  Pois           ###.....     11%         4    #####..
e - Animate Skeleton      Necr           N/A          9%          1    #......

Your spell library contained the following spells:

 Spells                   Type           Power        Failure   Level  Hunger
 Sublimation of Blood     Necr           #.........   13%         2    ###....
 Vampiric Draining        Necr           #.........   26%         3    ###....
 Venom Bolt               Conj/Pois      ##........   63%         5    ######.
 Death Channel            Necr           #.........   100%        6    #######


Dungeon Overview and Level Annotations

Branches:
Dungeon (6/15)             Temple (1/1) D:4

Altars:
Ashenzari
Cheibriados
Dithmenos
Elyvilon
Fedhas
Gozag
Hepliaklqana
Kikubaaqudgha
Makhleb
Nemelex Xobeh
Okawaru
Qazlal
Ru
Sif Muna
Trog
Uskayaw
Vehumet
Wu Jian
Xom
Yredelemnul
Zin
The Shining One

Shops:
D:5 }


Innate Abilities, Weirdness & Mutations

You cannot be hasted, slowed, berserked, paralysed or teleported.
You can dig through walls and to a lower floor.
Your four strong arms can wield two-handed weapons with a shield.
You have a pair of large antennae on your head. (SInv)


Message History

You hit the ice beast but do no damage.
The ice beast is lightly wounded.
The ice beast hits you but does no damage.
You hit the ice beast.
The ice beast is lightly wounded.
You hit the ice beast.
The ice beast is moderately wounded.
The ice beast closely misses you.
You hit the ice beast but do no damage.
The ice beast is moderately wounded.
The ice beast barely misses you.
You hit the ice beast but do no damage.
The ice beast is moderately wounded.
The ice beast barely misses you.
You barely miss the ice beast.
The ice beast is moderately wounded.
The ice beast hits you.
* * * LOW HITPOINT WARNING * * *
The ice beast freezes you!
You die...

#.#####....c
.####...........
..............#
####.....#
#?.##...##{
#...##.##
#..K#.# #.Y#.#+
#@..#
........8.(.....
....###...###...
.. {+#.#+{ . {
#.# { #.# {{ ...
{ ...


You could see an ice beast and a big kobold.

Vanquished Creatures
  Prince Ribbit (D:6)
  An orc warrior (D:6)
  3 ogres
  A phantom (D:6)
  2 bullfrogs
  A scorpion (D:4)
  A wight (D:6)
  3 hounds
  An orc wizard (D:6)
  2 orc priests (D:6)
  3 iguanas (D:4)
  2 worker ants
  A mummy (D:4)
  8 adders
  2 gnolls (D:6)
  An ooze (D:3)
  5 worms
  2 dart slugs
  7 leopard geckos
  16 orcs
  5 giant cockroaches
  10 goblins
  6 hobgoblins
  3 jackals (D:5)
  3 quokkas
  2 ball pythons
  10 bats
  5 frilled lizards
  2 hobgoblin zombies (D:4)
  3 kobolds
  A kobold zombie (D:4)
  A leopard gecko skeleton (D:4)
  An orc zombie (D:4)
  A quokka zombie (D:5)
  8 rats
124 creatures vanquished.

Vanquished Creatures (collateral kills)
  A quasit (D:5)
  A centaur skeleton (D:5)
2 creatures vanquished.

Vanquished Creatures (others)
  An ice beast (D:5)
  A shadow imp (D:5)
2 creatures vanquished.

Grand Total: 128 creatures vanquished

Notes
Turn   | Place    | Note
-------+----------+-------------------------------------------
     0 | D:1      | Bronimir the Formicid Venom Mage began the quest for the
                  | Orb.
     0 | D:1      | Reached XP level 1. HP: 13/13 MP: 3/3
   462 | D:1      | Reached XP level 2. HP: 19/19 MP: 1/5
   509 | D:1      | Learned a level 2 spell: Poisonous Vapours
   733 | D:1      | Reached skill level 1 in Conjurations
  1214 | D:2      | Reached XP level 3. HP: 13/24 MP: 1/6
  1477 | D:2      | Reached skill level 1 in Fighting
  1616 | D:2      | Reached XP level 4. HP: 32/32 MP: 4/7
  1623 | D:2      | Learned a level 3 spell: Mephitic Cloud
  2025 | D:2      | Reached skill level 5 in Poison Magic
  2596 | D:2      | Reached skill level 1 in Armour
  2735 | D:2      | Found a faded altar of an unknown god.
  3302 | D:3      | Reached XP level 5. HP: 37/37 MP: 2/8
  4246 | D:4      | Reached skill level 1 in Polearms
  4489 | D:4      | Identified the Collected Works on Stolen Souls
  4505 | D:4      | Reached XP level 6. HP: 19/43 MP: 6/10
  5037 | D:4      | Reached skill level 6 in Poison Magic
  5188 | D:4      | Found a staircase to the Ecumenical Temple.
  5198 | Temple   | Entered the Ecumenical Temple
  5308 | Temple   | Became a worshipper of Warmaster Okawaru
  5682 | D:4      | Noticed an ogre
  5690 | D:4      | Killed an ogre
  5690 | D:4      | Reached XP level 7. HP: 23/48 MP: 3/11
  5946 | D:3      | Learned a level 4 spell: Olgreb's Toxic Radiance
  5948 | D:3      | Learned a level 1 spell: Animate Skeleton
  6446 | D:5      | Entered Level 5 of the Dungeon
  6446 | D:5      | Found a shimmering altar of Xom.
  6550 | D:5      | Found Coisebeb's Gadget Shoppe.
  6590 | D:5      | Reached skill level 1 in Invocations
  7024 | D:5      | You fall into a shaft and drop 1 floor!
  7285 | D:6      | Reached skill level 1 in Necromancy
  7559 | D:5      | Found a hide-covered altar of Uskayaw.
  7757 | D:6      | Noticed Prince Ribbit
  7772 | D:6      | Killed Prince Ribbit
  7772 | D:6      | Reached skill level 7 in Poison Magic
  7772 | D:6      | Reached XP level 8. HP: 51/56 MP: 0/13
  7904 | D:6      | Reached * piety under Okawaru
  8704 | D:6      | You are sucked into a shaft and drop 2 floors!
  8900 | D:8      | Reached skill level 8 in Poison Magic
  8900 | D:8      | Reached XP level 9. HP: 34/62 MP: 11/15
  8922 | D:8      | Slain by an ice beast

Levels and vault maps discovered:
D:1:      co_arrival_random_square_maze, layout_basic, serial_bayou_pond_d,
          minmay_close_crescents
D:2:      layout_loops_corners, chequers_ecumenical_altar_lobes
D:3:      layout_basic, first_ration
D:4:      layout_loops_ring, minmay_temple_entry_nine_rooms, minmay_mini_ossuary
D:5:      layout_loops_ring, kennysheep_little_box, basic_altar, serial_shops,
          nicolae_shop_waterfront, lemuel_flamethrower_2
D:6:      layout_layer_cave, solitary_fountain, uniq_menkaure,
          uniq_prince_ribbit1
D:8:      cheibrodos_barr_body, layout_basic, minmay_lair_entry_grove,
          blue_anna_alchemist [blue_anna_fruit_fields, blue_anna_fruit_fields]
Temple:   kilobyte_greek_temple

Skill      XL: |  1  2  3  4  5  6  7  8 |
---------------+-------------------------+-----
Dodging        | 2 |  2.9
Conjurations   | 1 2 |  2.0
Fighting       | 1 2 |  2.5
Poison Magic   | 5 6 7 8 |  8.0
Armour         | 1 2 |  2.7
Polearms       | 1 2 3 4 |  4.7
Spellcasting   | 3 4 |  4.1
Invocations    | 1 2 |  2.7
Necromancy     | 1 2 |  2.5
Maces & Flails | |  0.3
Stealth        | |  2.4
Unarmed Combat | |  0.2

Action                   |  1- 3 |  4- 6 |  7- 9 || total
-------------------------+-------+-------+-------++-------
Melee: Unarmed           |     9 |       |       ||     9
       Club              |    32 |       |       ||    32
       Spear             |       |   124 |   210 ||   334
Throw: Dart              |     2 |     1 |       ||     3
 Cast: Sting             |    16 |    39 |    18 ||    73
       Poisonous Vapours |    13 |    45 |    15 ||    73
       Mephitic Cloud    |       |     3 |     7 ||    10
       Olgreb's Toxic Ra |       |       |     8 ||     8
       Animate Skeleton  |       |       |     1 ||     1
Invok: Heroism           |       |       |     2 ||     2
 Abil: Dig               |     2 |       |     2 ||     4
       Shaft Self        |       |       |     2 ||     2
Evoke: Wand              |       |       |     1 ||     1
  Use: Scroll            |       |       |     4 ||     4
       Potion            |       |       |     3 ||     3
 Stab: Sleeping          |     2 |       |     2 ||     4
       Confused          |       |       |     8 ||     8
  Eat: Chunk             |     3 |    15 |    14 ||    32
       Ration            |       |       |     1 ||     1
Armor: Robe              |    13 |     6 |       ||    19
       Leather armour    |       |    16 |    37 ||    53
Dodge: Dodged            |    42 |    67 |    99 ||   208
